Login

Phantoms vs Steamers

Created - April 21, 2024 at 12:31

Goals
1 2 3 T
Phantoms 3 0 1 4
Steamers 1 2 0 3
Shots
1 2 3 T
Phantoms 18 15 7 40
Steamers 9 11 6 26

GoalsPenalties
1st period
1. Phantoms , Brady Tkachuk 31 (Vince Dunn 3, Sebastian Aho 28) at 2:00
2. Phantoms , Jared McCann 15 (Kevin Hayes 23, Todd Harkness 42) at 17:09 (PP)
3. Phantoms , Todd Harkness 11 (Jared McCann 17) at 17:13
4. Steamers , Marcus Foligno 5 (Tyson Barrie 16, Andrei Kuzmenko 16) at 19:30
Ryan Hartman (STM) for Roughing (Minor) at 2:33
Josh Anderson (STM) for Interference (Minor) at 9:35
Marcus Foligno (STM) for Hooking (Minor) at 14:26
Tyson Barrie (STM) for Holding (Minor) at 17:03
2nd period
5. Steamers , Neal Pionk 4 (Douche Larouche 45, Andrei Kuzmenko 17) at 2:59
6. Steamers , Luke Kunin 2 (Andrei Kuzmenko 18, Henri Jokiharju 7) at 8:50
Henri Jokiharju (STM) for Tripping (Minor) at 11:40
3rd period
7. Phantoms , Brayden Point 25 (Todd Harkness 43) at 0:40
Brayden Point (LIS) for Cross-checking (Minor) at 9:27
Goalie Stats
Samuel Montembeault (LIS), 23 saves from 26 shots - (0.885), W, 17-13-4, 60:00 minutes
Joey Daccord (STM), 36 saves from 40 shots - (0.900), L, 2-5-0, 58:30 minutes
3 StarsOfficial
1 - Todd Harkness (LIS)
2 - Andrei Kuzmenko (STM)
3 - Jared McCann (LIS)
Referees : Unknown
Linesman : Unknown
Game Note
No Game Note
Finance
Level 1 -- Attendance: 4889 (81.48%) -- Ticket Income $484,011
Level 2 -- Attendance: 3380 (67.60%) -- Ticket Income $233,220
Level 3 -- Attendance: 1160 (58.00%) -- Ticket Income $56,840
Level 4 -- Attendance: 2434 (60.85%) -- Ticket Income $70,586
Luxury Box -- Attendance: 1000 (100.00%) -- Ticket Income $199,000
Game was played at the Anal Pouch.
Total Attendance: 12863 (71.46%)
Total Ticket Income: $1,043,657
Other Income: $417,463
Total Income: $1,461,120



Team Name Goals Shots Shots Attemp Shots Blocked PIM HIT PP PK FO%
Phantoms 4408982171 / 5 (20%)059%
Steamers 326511510190 / 1 (0%)141%

Phantoms
Player Name POS G A P +/- PIM HIT SHT SB MP PP MP PP SHT PK MP PK SHT FO% FOT
Alexis LafreniereLW/RW000-100005:380:0000:0000% 0
Andrew MangiapaneLW/RW0000012015:180:0000:2600% 1
Brady TkachukLW1010013021:455:5010:260100% 8
Brayden PointC1010204019:010:0000:00059% 27
Brian DumoulinD000-1010217:482:0700:0000% 0
Devon ToewsD0000004120:434:0041:0800% 0
Dominik KubalikLW/RW0000021115:280:0000:0000% 0
Eetu LuostarinenC/LW000000000:300:0000:0000% 0
Ilya LyubushkinD000-100006:080:0000:2600% 0
Jared McCannC/LW1120014017:402:1220:00031% 13
Jesper BrattLW/RW0001003019:194:2211:330100% 1
Kevin HayesC/LW/RW0110002119:453:4010:000100% 1
Matthew TkachukLW/RW0000045024:274:2221:3300% 3
Michael AndersonD000-1020216:020:0000:0000% 0
Sebastian AhoC0110002019:093:4000:00070% 20
Todd HarknessD1231019125:505:5581:3300% 0
Travis HamonicD0002011017:544:0210:5100% 0
Vince DunnD0110030015:350:0000:0000% 0
Steamers
Player Name POS G A P +/- PIM HIT SHT SB MP PP MP PP SHT PK MP PK SHT FO% FOT
Andrei KuzmenkoRW0332001123:240:4504:1606% 16
Blake LizotteC000000002:210:3000:340100% 1
Conor GarlandLW/RW000-2006015:220:0000:3200% 2
Douche LaroucheD0110030223:390:4403:3400% 0
Henri JokiharjuD0110221219:121:1503:2800% 0
Jack RoslovicC/RW000100306:250:0000:000100% 1
Jonathan HuberdeauC/LW0000003116:030:4400:00033% 12
Josh AndersonLW/RW0000201016:020:4400:0000% 0
Luke KuninC/RW101100106:250:0000:00038% 8
Marcus FolignoLW1011221116:351:1501:5600% 1
Michael BuntingLW/RW000-2020016:440:0001:54067% 3
Neal PionkD1010001223:100:4403:1800% 0
Nicolas HagueD0000020219:431:1503:5800% 0
Pierre-Luc DuboisC/LW/RW0001002119:041:1504:24065% 17
Ryan HartmanC/RW000-2214014:590:0000:00054% 13
Tanner JeannotLW/RW0000021018:310:4402:2800% 0
Torey KrugD0000030117:240:0001:1600% 0
Tyson BarrieD0110221216:500:0000:3000% 0

Phantoms

5 vs 5 Forward
Line #Left WingCenterRight WingPHYDFOFWanted %Time %Time Play
1Matthew TkachukBrayden PointJesper Bratt1223026%13:04
2Brady TkachukSebastian AhoKevin Hayes1222831%15:29
3Dominik KubalikJared McCannAndrew Mangiapane1222631%15:28
4Alexis LafreniereBrayden PointMatthew Tkachuk1221611%5:38
5 vs 5 Defense
Line #DefenseDefensePHYDFOFWanted %Time %Time Play
1Todd HarknessTravis Hamonic1223026%12:41
2Vince DunnDevon Toews1222831%15:35
3Brian DumoulinMichael Anderson1222632%15:41
4Ilya LyubushkinTodd Harkness1221611%5:42
Power Play Forward
Line #Left WingCenterRight WingPHYDFOFWanted %Time %Time Play
1Matthew TkachukBrady TkachukJesper Bratt1225554%4:22
2Brady TkachukSebastian AhoKevin Hayes1224546%3:40
Power Play Defense
Line #DefenseDefensePHYDFOFWanted %Time %Time Play
1Todd HarknessTravis Hamonic1225550%4:02
2Todd HarknessDevon Toews1224550%4:00
Penalty Kill 4 Players Forward
Line #CenterWingPHYDFOFWanted %Time %Time Play
1Matthew TkachukJesper Bratt1225578%1:33
2Brady TkachukJesper Bratt1224522%0:26
Penalty Kill 4 Players Defense
Line #DefenseDefensePHYDFOFWanted %Time %Time Play
1Todd HarknessTravis Hamonic1225543%0:51
2Todd HarknessDevon Toews1224557%1:08
Penalty Kill 3 Players
Line #WingPHYDFOFWanted %Time %Time PlayDefenseDefensePHYDFOFWanted %Time %Time Play
1Matthew Tkachuk122550%0:00 Todd HarknessTravis Hamonic122550%0:00
2Matthew Tkachuk122450%0:00 Todd HarknessDevon Toews122450%0:00
4 vs 4 Forward
Line #CenterWingPHYDFOFWanted %Time %Time Play
1Matthew TkachukJesper Bratt122550%0:00
2Brady TkachukJesper Bratt122450%0:00
4 vs 4 Defense
Line #DefensePHYDFOFWanted %Time %Time Play
1Todd HarknessTravis Hamonic122550%0:00
2Todd HarknessDevon Toews122450%0:00
Last Minutes Offensive
Left WingCenterRight WingDefenseDefense
Matthew TkachukBrayden PointJesper BrattTodd HarknessTravis Hamonic
Last Minutes Defensive
Left WingCenterRight WingDefenseDefense
Matthew TkachukBrayden PointJesper BrattTodd HarknessTravis Hamonic
Time
Total ForwardTotal DefenseLast Minutes OffensiveLast Minutes Defensive
60:00 60:00 0:000:20
Extra Forwards
Normal PowerPlayPenalty Kill
Jared McCann, Dominik Kubalik, Andrew MangiapaneJared McCann, Dominik KubalikAndrew Mangiapane
Extra Defensemen
Normal PowerPlayPenalty Kill
Brian Dumoulin, Todd Harkness, Ilya LyubushkinBrian Dumoulin, Todd HarknessIlya Lyubushkin
Penalty Shots
Matthew Tkachuk, Brayden Point, Brady Tkachuk, Jesper Bratt, Sebastian Aho
Goalie
Samuel Montembeault, Pheonix Copley
Custom OT Lines Forwards
Matthew Tkachuk, Brayden Point, Brady Tkachuk, Jesper Bratt, Sebastian Aho, Jared McCann, Kevin Hayes, Dominik Kubalik, Andrew Mangiapane, Alexis Lafreniere
Custom OT Lines Defensemen
Todd Harkness, Travis Hamonic, Ilya Lyubushkin, Devon Toews, Brian Dumoulin
Scratches
Scott Mayfield (Healthy), Elvis Merzlikins (Healthy)

Steamers

5 vs 5 Forward
Line #Left WingCenterRight WingPHYDFOFWanted %Time %Time Play
1Marcus FolignoPierre-Luc DuboisAndrei Kuzmenko1223026%12:32
2Tanner JeannotJonathan HuberdeauJosh Anderson1222831%15:19
3Michael BuntingRyan HartmanConor Garland1222630%14:50
4Andrei KuzmenkoLuke KuninJack Roslovic1221613%6:25
5 vs 5 Defense
Line #DefenseDefensePHYDFOFWanted %Time %Time Play
1Douche LaroucheNeal Pionk1223027%13:11
2Nicolas HagueHenri Jokiharju1222830%14:30
3Tyson BarrieTorey Krug1222632%15:48
4Douche LaroucheNeal Pionk1221611%5:37
Power Play Forward
Line #Left WingCenterRight WingPHYDFOFWanted %Time %Time Play
1Marcus FolignoPierre-Luc DuboisAndrei Kuzmenko1225563%1:15
2Tanner JeannotJonathan HuberdeauJosh Anderson1224537%0:44
Power Play Defense
Line #DefenseDefensePHYDFOFWanted %Time %Time Play
1Douche LaroucheNeal Pionk1225537%0:44
2Nicolas HagueHenri Jokiharju1224563%1:15
Penalty Kill 4 Players Forward
Line #CenterWingPHYDFOFWanted %Time %Time Play
1Andrei KuzmenkoPierre-Luc Dubois1225560%4:48
2Marcus FolignoTanner Jeannot1224540%3:14
Penalty Kill 4 Players Defense
Line #DefenseDefensePHYDFOFWanted %Time %Time Play
1Douche LaroucheNeal Pionk1225545%3:38
2Nicolas HagueHenri Jokiharju1224555%4:24
Penalty Kill 3 Players
Line #WingPHYDFOFWanted %Time %Time PlayDefenseDefensePHYDFOFWanted %Time %Time Play
1Andrei Kuzmenko122550%0:00 Douche LaroucheNeal Pionk122550%0:00
2Pierre-Luc Dubois122450%0:00 Nicolas HagueHenri Jokiharju122450%0:00
4 vs 4 Forward
Line #CenterWingPHYDFOFWanted %Time %Time Play
1Andrei KuzmenkoPierre-Luc Dubois122550%0:00
2Marcus FolignoTanner Jeannot122450%0:00
4 vs 4 Defense
Line #DefensePHYDFOFWanted %Time %Time Play
1Douche LaroucheNeal Pionk122550%0:00
2Nicolas HagueHenri Jokiharju122450%0:00
Last Minutes Offensive
Left WingCenterRight WingDefenseDefense
Marcus FolignoPierre-Luc DuboisAndrei KuzmenkoDouche LaroucheNeal Pionk
Last Minutes Defensive
Left WingCenterRight WingDefenseDefense
Marcus FolignoPierre-Luc DuboisAndrei KuzmenkoDouche LaroucheNeal Pionk
Time
Total ForwardTotal DefenseLast Minutes OffensiveLast Minutes Defensive
60:00 60:00 0:530:00
Extra Forwards
Normal PowerPlayPenalty Kill
Blake Lizotte, Ryan Hartman, Michael BuntingBlake Lizotte, Ryan HartmanMichael Bunting
Extra Defensemen
Normal PowerPlayPenalty Kill
Tyson Barrie, Torey Krug, Nicolas HagueTyson Barrie, Torey KrugNicolas Hague
Penalty Shots
Andrei Kuzmenko, Pierre-Luc Dubois, Marcus Foligno, Tanner Jeannot, Jonathan Huberdeau
Goalie
Joey Daccord, Ukko-Pekka Luukkonen
Custom OT Lines Forwards
Andrei Kuzmenko, Pierre-Luc Dubois, Marcus Foligno, Tanner Jeannot, Jonathan Huberdeau, Josh Anderson, Ryan Hartman, Michael Bunting, Conor Garland, Luke Kunin
Custom OT Lines Defensemen
Douche Larouche, Neal Pionk, Nicolas Hague, Henri Jokiharju, Tyson Barrie
Scratches
Christian Fischer (Healthy), Eeli Tolvanen (Healthy), Jake Bean (Healthy)


Play-by-Play

1st period


0:01 of 1st period - Pierre-Luc Dubois wins face-off versus Brayden Point in neutral zone.
0:50 of 1st period - Icing by Douche Larouche.
0:51 of 1st period - Pierre-Luc Dubois wins face-off versus Jared McCann in Steamers zone.
1:41 of 1st period - Shot by Tanner Jeannot.
1:41 of 1st period - Stopped by Samuel Montembeault without a rebound.
1:42 of 1st period - Michael Bunting wins face-off versus Sebastian Aho in Phantoms zone.
1:42 of 1st period - Michael Bunting is hit by Vince Dunn.
1:47 of 1st period - Conor Garland is hit by Vince Dunn and loses puck.
1:56 of 1st period - Shot by Sebastian Aho.
1:56 of 1st period - Stopped by Joey Daccord with a rebound.
2:00 of 1st period - Shot by Brady Tkachuk.
2:00 of 1st period - Goal by Brady Tkachuk - Phantoms : 1 - Steamers : 0.
2:01 of 1st period - Brayden Point wins face-off versus Luke Kunin in neutral zone.
2:20 of 1st period - Shot by Andrei Kuzmenko.
2:20 of 1st period - Stopped by Samuel Montembeault without a rebound.
2:21 of 1st period - Sebastian Aho wins face-off versus Ryan Hartman in Phantoms zone.
2:21 of 1st period - Sebastian Aho is hit by Michael Bunting.
2:32 of 1st period - Michael Bunting is hit by Vince Dunn.
2:33 of 1st period - Minor Penalty to Ryan Hartman for Roughing.
2:34 of 1st period - Brady Tkachuk wins face-off versus Andrei Kuzmenko in Steamers zone.
2:51 of 1st period - Shot by Todd Harkness.
2:51 of 1st period - Stopped by Joey Daccord without a rebound.
2:52 of 1st period - Sebastian Aho wins face-off versus Andrei Kuzmenko in Steamers zone.
4:16 of 1st period - Shot by Matthew Tkachuk.
4:16 of 1st period - Stopped by Joey Daccord with a rebound.
4:53 of 1st period - Shot by Michael Bunting.
4:53 of 1st period - Shot Misses the Net.
4:55 of 1st period - Shot by Tyson Barrie.
4:55 of 1st period - Shot Blocked by Devon Toews.
5:09 of 1st period - Shot by Ryan Hartman.
5:09 of 1st period - Stopped by Samuel Montembeault without a rebound.
5:10 of 1st period - Jared McCann wins face-off versus Andrei Kuzmenko in Phantoms zone.
6:14 of 1st period - Shot by Josh Anderson.
6:14 of 1st period - Stopped by Samuel Montembeault without a rebound.
6:15 of 1st period - Michael Bunting wins face-off versus Sebastian Aho in Phantoms zone.
7:10 of 1st period - Shot by Tanner Jeannot.
7:10 of 1st period - Shot Blocked by Michael Anderson.
7:35 of 1st period - Shot by Jonathan Huberdeau.
7:35 of 1st period - Deflect By Tanner Jeannot.
7:35 of 1st period - Shot Blocked by Brian Dumoulin.
7:37 of 1st period - Shot by Henri Jokiharju.
7:37 of 1st period - Stopped by Samuel Montembeault without a rebound.
7:38 of 1st period - Pierre-Luc Dubois wins face-off versus Matthew Tkachuk in Phantoms zone.
8:46 of 1st period - Andrei Kuzmenko is hit by Dominik Kubalik and loses puck.
9:35 of 1st period - Minor Penalty to Josh Anderson for Interference.
9:36 of 1st period - Sebastian Aho wins face-off versus Michael Bunting in Steamers zone.
9:37 of 1st period - Shot by Todd Harkness.
9:37 of 1st period - Shot Blocked by Nicolas Hague.
10:25 of 1st period - Shot by Jesper Bratt.
10:25 of 1st period - Shot Blocked by Henri Jokiharju.
10:31 of 1st period - Shot by Jared McCann.
10:31 of 1st period - Stopped by Joey Daccord without a rebound.
10:32 of 1st period - Brady Tkachuk wins face-off versus Andrei Kuzmenko in Steamers zone.
10:35 of 1st period - Shot by Devon Toews.
10:35 of 1st period - Stopped by Joey Daccord without a rebound.
10:36 of 1st period - Brady Tkachuk wins face-off versus Pierre-Luc Dubois in Steamers zone.
10:41 of 1st period - Shot by Matthew Tkachuk.
10:41 of 1st period - Shot Blocked by Pierre-Luc Dubois.
10:43 of 1st period - Shot by Todd Harkness.
10:43 of 1st period - Shot Misses the Net.
10:53 of 1st period - Shot by Jesper Bratt.
10:53 of 1st period - Shot Misses the Net.
10:55 of 1st period - Shot by Devon Toews.
10:55 of 1st period - Stopped by Joey Daccord with a rebound.
10:57 of 1st period - Shot by Devon Toews.
10:57 of 1st period - Stopped by Joey Daccord without a rebound.
10:58 of 1st period - Blake Lizotte wins face-off versus Sebastian Aho in Steamers zone.
11:50 of 1st period - Andrew Mangiapane is hit by Tyson Barrie and loses puck.
11:53 of 1st period - Shot by Dominik Kubalik.
11:53 of 1st period - Shot Misses the Net.
12:00 of 1st period - Icing by Conor Garland.
12:01 of 1st period - Brayden Point wins face-off versus Ryan Hartman in Steamers zone.
12:25 of 1st period - Icing by Devon Toews.
12:26 of 1st period - Brayden Point wins face-off versus Jonathan Huberdeau in Phantoms zone.
12:26 of 1st period - Brayden Point is hit by Tanner Jeannot.
12:38 of 1st period - Shot by Matthew Tkachuk.
12:38 of 1st period - Shot Misses the Net.
12:59 of 1st period - Icing by Douche Larouche.
13:00 of 1st period - Jared McCann wins face-off versus Jonathan Huberdeau in Steamers zone.
13:31 of 1st period - Shot by Dominik Kubalik.
13:31 of 1st period - Shot Misses the Net.
13:57 of 1st period - Shot by Kevin Hayes.
13:57 of 1st period - Shot Misses the Net.
14:07 of 1st period - Shot by Sebastian Aho.
14:07 of 1st period - Shot Blocked by Douche Larouche.
14:26 of 1st period - Minor Penalty to Marcus Foligno for Hooking.
14:27 of 1st period - Brady Tkachuk wins face-off versus Andrei Kuzmenko in Steamers zone.
14:27 of 1st period - Todd Harkness is hit by Henri Jokiharju and loses puck.
14:52 of 1st period - Shot by Todd Harkness.
14:52 of 1st period - Shot Misses the Net.
14:54 of 1st period - Shot by Matthew Tkachuk.
14:54 of 1st period - Stopped by Joey Daccord without a rebound.
14:55 of 1st period - Andrei Kuzmenko wins face-off versus Sebastian Aho in Steamers zone.
14:55 of 1st period - Andrei Kuzmenko is hit by Jared McCann.
15:17 of 1st period - Shot by Todd Harkness.
15:17 of 1st period - Stopped by Joey Daccord with a rebound.
15:19 of 1st period - Shot by Todd Harkness.
15:19 of 1st period - Stopped by Joey Daccord with a rebound.
15:21 of 1st period - Shot by Todd Harkness.
15:21 of 1st period - Stopped by Joey Daccord with a rebound.
15:45 of 1st period - Shot by Brady Tkachuk.
15:45 of 1st period - Deflect By Matthew Tkachuk.
15:45 of 1st period - Shot Misses the Net.
16:35 of 1st period - Shot by Jack Roslovic.
16:35 of 1st period - Stopped by Samuel Montembeault without a rebound.
16:36 of 1st period - Brayden Point wins face-off versus Andrei Kuzmenko in Phantoms zone.
16:55 of 1st period - Shot by Andrei Kuzmenko.
16:55 of 1st period - Shot Misses the Net.
17:03 of 1st period - Minor Penalty to Tyson Barrie for Holding.
17:04 of 1st period - Sebastian Aho wins face-off versus Marcus Foligno in Steamers zone.
17:09 of 1st period - Shot by Jared McCann.
17:09 of 1st period - Goal by Jared McCann - Phantoms : 2 - Steamers : 0.
17:10 of 1st period - Jared McCann wins face-off versus Conor Garland in neutral zone.
17:13 of 1st period - Shot by Todd Harkness.
17:13 of 1st period - Goal by Todd Harkness - Phantoms : 3 - Steamers : 0.
17:14 of 1st period - Ryan Hartman wins face-off versus Jared McCann in neutral zone.
17:25 of 1st period - Shot by Ryan Hartman.
17:25 of 1st period - Stopped by Samuel Montembeault without a rebound.
17:26 of 1st period - Brayden Point wins face-off versus Jonathan Huberdeau in Phantoms zone.
17:49 of 1st period - Shot by Brayden Point.
17:49 of 1st period - Shot Misses the Net.
17:55 of 1st period - Shot by Brayden Point.
17:55 of 1st period - Stopped by Joey Daccord with a rebound.
18:27 of 1st period - Brady Tkachuk is hit by Nicolas Hague and loses puck.
18:36 of 1st period - Shot by Sebastian Aho.
18:36 of 1st period - Stopped by Joey Daccord with a rebound.
18:38 of 1st period - Shot by Todd Harkness.
18:38 of 1st period - Shot Blocked by Jonathan Huberdeau.
19:24 of 1st period - Shot by Andrei Kuzmenko.
19:24 of 1st period - Shot Misses the Net.
19:26 of 1st period - Shot by Andrei Kuzmenko.
19:26 of 1st period - Shot Misses the Net.
19:28 of 1st period - Shot by Tyson Barrie.
19:28 of 1st period - Shot Misses the Net.
19:30 of 1st period - Shot by Marcus Foligno.
19:30 of 1st period - Goal by Marcus Foligno - Phantoms : 3 - Steamers : 1.
19:31 of 1st period - Ryan Hartman wins face-off versus Brayden Point in neutral zone.
19:31 of 1st period - Ryan Hartman is hit by Matthew Tkachuk.
19:41 of 1st period - Shot by Ryan Hartman.
19:41 of 1st period - Stopped by Samuel Montembeault without a rebound.
19:42 of 1st period - Brayden Point wins face-off versus Pierre-Luc Dubois in Phantoms zone.
19:46 of 1st period - Devon Toews is hit by Tyson Barrie and loses puck.
19:53 of 1st period - Shot by Brayden Point.
19:53 of 1st period - Stopped by Joey Daccord with a rebound.
19:55 of 1st period - Shot by Jesper Bratt.
19:55 of 1st period - Stopped by Joey Daccord with a rebound.
19:57 of 1st period - Shot by Jesper Bratt.
19:57 of 1st period - Shot Misses the Net.
Goals for this period are 3 for Phantoms vs 1 for Steamers.
Shots for this period are 18 for Phantoms vs 9 for Steamers.

2nd period


0:01 of 2nd period - Brayden Point wins face-off versus Pierre-Luc Dubois in neutral zone.
0:43 of 2nd period - Off-side.
0:44 of 2nd period - Sebastian Aho wins face-off versus Ryan Hartman in neutral zone.
0:50 of 2nd period - Michael Bunting is hit by Brady Tkachuk and loses puck.
1:25 of 2nd period - Shot by Brady Tkachuk.
1:25 of 2nd period - Shot Misses the Net.
2:19 of 2nd period - Josh Anderson is hit by Todd Harkness and loses puck.
2:55 of 2nd period - Shot by Andrei Kuzmenko.
2:55 of 2nd period - Shot Misses the Net.
2:57 of 2nd period - Shot by Douche Larouche.
2:57 of 2nd period - Shot Misses the Net.
2:59 of 2nd period - Shot by Neal Pionk.
2:59 of 2nd period - Goal by Neal Pionk - Phantoms : 3 - Steamers : 2.
3:00 of 2nd period - Jared McCann wins face-off versus Luke Kunin in neutral zone.
3:05 of 2nd period - Shot by Andrew Mangiapane.
3:05 of 2nd period - Stopped by Joey Daccord without a rebound.
3:06 of 2nd period - Luke Kunin wins face-off versus Jared McCann in Steamers zone.
3:18 of 2nd period - Andrei Kuzmenko is hit by Michael Anderson and loses puck.
3:23 of 2nd period - Shot by Jack Roslovic.
3:23 of 2nd period - Stopped by Samuel Montembeault without a rebound.
3:24 of 2nd period - Brayden Point wins face-off versus Ryan Hartman in Phantoms zone.
3:51 of 2nd period - Shot by Conor Garland.
3:51 of 2nd period - Shot Misses the Net.
4:02 of 2nd period - Icing by Todd Harkness.
4:03 of 2nd period - Brayden Point wins face-off versus Jonathan Huberdeau in Phantoms zone.
4:37 of 2nd period - Icing by Sebastian Aho.
4:38 of 2nd period - Sebastian Aho wins face-off versus Andrei Kuzmenko in Phantoms zone.
5:46 of 2nd period - Icing by Nicolas Hague.
5:47 of 2nd period - Brayden Point wins face-off versus Ryan Hartman in Steamers zone.
6:33 of 2nd period - Icing by Todd Harkness.
6:34 of 2nd period - Pierre-Luc Dubois wins face-off versus Brayden Point in Phantoms zone.
6:51 of 2nd period - Marcus Foligno is hit by Andrew Mangiapane and loses puck.
7:02 of 2nd period - Shot by Jared McCann.
7:02 of 2nd period - Shot Misses the Net.
7:14 of 2nd period - Shot by Vince Dunn.
7:14 of 2nd period - Deflect By Jared McCann.
7:14 of 2nd period - Stopped by Joey Daccord without a rebound.
7:15 of 2nd period - Brayden Point wins face-off versus Jonathan Huberdeau in Steamers zone.
7:15 of 2nd period - Todd Harkness is hit by Douche Larouche and loses puck.
7:20 of 2nd period - Shot by Matthew Tkachuk.
7:20 of 2nd period - Shot Blocked by Neal Pionk.
7:25 of 2nd period - Brayden Point is hit by Douche Larouche and loses puck.
7:32 of 2nd period - Shot by Matthew Tkachuk.
7:32 of 2nd period - Stopped by Joey Daccord with a rebound.
7:36 of 2nd period - Shot by Brayden Point.
7:36 of 2nd period - Shot Misses the Net.
7:55 of 2nd period - Icing by Douche Larouche.
7:56 of 2nd period - Kevin Hayes wins face-off versus Jonathan Huberdeau in Steamers zone.
8:21 of 2nd period - Shot by Sebastian Aho.
8:21 of 2nd period - Deflect By Brady Tkachuk.
8:21 of 2nd period - Shot Misses the Net.
8:50 of 2nd period - Shot by Luke Kunin.
8:50 of 2nd period - Goal by Luke Kunin - Phantoms : 3 - Steamers : 3.
8:51 of 2nd period - Ryan Hartman wins face-off versus Jared McCann in neutral zone.
8:56 of 2nd period - Shot by Michael Bunting.
8:56 of 2nd period - Deflect By Conor Garland.
8:56 of 2nd period - Stopped by Samuel Montembeault with a rebound.
9:02 of 2nd period - Shot by Ryan Hartman.
9:02 of 2nd period - Stopped by Samuel Montembeault with a rebound.
9:04 of 2nd period - Shot by Torey Krug.
9:04 of 2nd period - Shot Misses the Net.
9:10 of 2nd period - Shot by Conor Garland.
9:10 of 2nd period - Stopped by Samuel Montembeault without a rebound.
9:11 of 2nd period - Pierre-Luc Dubois wins face-off versus Brayden Point in Phantoms zone.
9:28 of 2nd period - Icing by Neal Pionk.
9:29 of 2nd period - Pierre-Luc Dubois wins face-off versus Jared McCann in Steamers zone.
9:34 of 2nd period - Michael Anderson is hit by Marcus Foligno and loses puck.
9:39 of 2nd period - Shot by Andrew Mangiapane.
9:39 of 2nd period - Stopped by Joey Daccord with a rebound.
9:51 of 2nd period - Shot by Dominik Kubalik.
9:51 of 2nd period - Shot Misses the Net.
9:53 of 2nd period - Shot by Jared McCann.
9:53 of 2nd period - Deflect By Dominik Kubalik.
9:53 of 2nd period - Shot Blocked by Neal Pionk.
10:02 of 2nd period - Off-side.
10:03 of 2nd period - Brayden Point wins face-off versus Conor Garland in neutral zone.
10:43 of 2nd period - Icing by Travis Hamonic.
10:44 of 2nd period - Jonathan Huberdeau wins face-off versus Brayden Point in Phantoms zone.
11:01 of 2nd period - Jonathan Huberdeau is hit by Travis Hamonic and loses puck.
11:34 of 2nd period - Kevin Hayes is hit by Henri Jokiharju and loses puck.
11:40 of 2nd period - Minor Penalty to Henri Jokiharju for Tripping.
11:41 of 2nd period - Sebastian Aho wins face-off versus Andrei Kuzmenko in Steamers zone.
11:44 of 2nd period - Shot by Devon Toews.
11:44 of 2nd period - Shot Misses the Net.
11:46 of 2nd period - Shot by Devon Toews.
11:46 of 2nd period - The goal is going for a video replay.
11:46 of 2nd period - The goal is refused.
11:47 of 2nd period - Sebastian Aho wins face-off versus Andrei Kuzmenko in Steamers zone.
11:48 of 2nd period - Shot by Todd Harkness.
11:48 of 2nd period - Stopped by Joey Daccord with a rebound.
11:50 of 2nd period - Shot by Todd Harkness.
11:50 of 2nd period - Shot Misses the Net.
11:52 of 2nd period - Shot by Kevin Hayes.
11:52 of 2nd period - Stopped by Joey Daccord without a rebound.
11:53 of 2nd period - Brady Tkachuk wins face-off versus Andrei Kuzmenko in Steamers zone.
12:08 of 2nd period - Shot by Todd Harkness.
12:08 of 2nd period - Stopped by Joey Daccord without a rebound.
12:09 of 2nd period - Sebastian Aho wins face-off versus Andrei Kuzmenko in Steamers zone.
12:18 of 2nd period - Shot by Kevin Hayes.
12:18 of 2nd period - Shot Misses the Net.
12:20 of 2nd period - Shot by Todd Harkness.
12:20 of 2nd period - Stopped by Joey Daccord without a rebound.
12:21 of 2nd period - Sebastian Aho wins face-off versus Andrei Kuzmenko in Steamers zone.
12:26 of 2nd period - Shot by Todd Harkness.
12:26 of 2nd period - Shot Blocked by Nicolas Hague.
12:28 of 2nd period - Shot by Brady Tkachuk.
12:28 of 2nd period - Stopped by Joey Daccord with a rebound.
12:30 of 2nd period - Shot by Sebastian Aho.
12:30 of 2nd period - Shot Hit the Post.
12:32 of 2nd period - Shot by Todd Harkness.
12:32 of 2nd period - Stopped by Joey Daccord without a rebound.
12:33 of 2nd period - Jesper Bratt wins face-off versus Andrei Kuzmenko in Steamers zone.
12:34 of 2nd period - Shot by Brady Tkachuk.
12:34 of 2nd period - Shot Misses the Net.
12:36 of 2nd period - Shot by Travis Hamonic.
12:36 of 2nd period - Stopped by Joey Daccord without a rebound.
12:37 of 2nd period - Brady Tkachuk wins face-off versus Andrei Kuzmenko in Steamers zone.
12:40 of 2nd period - Shot by Jesper Bratt.
12:40 of 2nd period - Stopped by Joey Daccord without a rebound.
12:41 of 2nd period - Brady Tkachuk wins face-off versus Andrei Kuzmenko in Steamers zone.
13:41 of 2nd period - Shot by Kevin Hayes.
13:41 of 2nd period - Stopped by Joey Daccord without a rebound.
13:42 of 2nd period - Ryan Hartman wins face-off versus Jared McCann in Steamers zone.
13:49 of 2nd period - Shot by Conor Garland.
13:49 of 2nd period - Stopped by Samuel Montembeault without a rebound.
13:50 of 2nd period - Ryan Hartman wins face-off versus Jared McCann in Phantoms zone.
14:00 of 2nd period - Andrew Mangiapane is hit by Michael Bunting and loses puck.
14:26 of 2nd period - Shot by Michael Bunting.
14:26 of 2nd period - Deflect By Conor Garland.
14:26 of 2nd period - Stopped by Samuel Montembeault without a rebound.
14:27 of 2nd period - Pierre-Luc Dubois wins face-off versus Brayden Point in Phantoms zone.
14:54 of 2nd period - Shot by Jesper Bratt.
14:54 of 2nd period - Stopped by Joey Daccord without a rebound.
14:55 of 2nd period - Sebastian Aho wins face-off versus Jonathan Huberdeau in Steamers zone.
15:12 of 2nd period - Shot by Tanner Jeannot.
15:12 of 2nd period - Shot Misses the Net.
15:14 of 2nd period - Shot by Henri Jokiharju.
15:14 of 2nd period - Shot Misses the Net.
15:16 of 2nd period - Shot by Tanner Jeannot.
15:16 of 2nd period - Shot Misses the Net.
15:34 of 2nd period - Shot by Jonathan Huberdeau.
15:34 of 2nd period - Stopped by Samuel Montembeault with a rebound.
15:45 of 2nd period - Kevin Hayes is hit by Ryan Hartman and loses puck.
16:44 of 2nd period - Shot by Tyson Barrie.
16:44 of 2nd period - Stopped by Samuel Montembeault without a rebound.
16:45 of 2nd period - Luke Kunin wins face-off versus Brayden Point in Phantoms zone.
16:58 of 2nd period - Shot by Jack Roslovic.
16:58 of 2nd period - Shot Misses the Net.
17:20 of 2nd period - Shot by Luke Kunin.
17:20 of 2nd period - Shot Misses the Net.
17:41 of 2nd period - Matthew Tkachuk is hit by Tanner Jeannot and loses puck.
17:50 of 2nd period - Josh Anderson is hit by Matthew Tkachuk and loses puck.
18:35 of 2nd period - Shot by Ryan Hartman.
18:35 of 2nd period - Shot Blocked by Dominik Kubalik.
18:37 of 2nd period - Shot by Conor Garland.
18:37 of 2nd period - Stopped by Samuel Montembeault with a rebound.
18:39 of 2nd period - Shot by Conor Garland.
18:39 of 2nd period - Shot Misses the Net.
19:08 of 2nd period - Jared McCann is hit by Marcus Foligno and loses puck.
19:44 of 2nd period - Icing by Tyson Barrie.
19:45 of 2nd period - Jonathan Huberdeau wins face-off versus Brayden Point in Steamers zone.
19:54 of 2nd period - Shot by Tanner Jeannot.
19:54 of 2nd period - Shot Misses the Net.
19:56 of 2nd period - Shot by Josh Anderson.
19:56 of 2nd period - Shot Blocked by Todd Harkness.
Goals for this period are 0 for Phantoms vs 2 for Steamers.
Shots for this period are 15 for Phantoms vs 11 for Steamers.

3rd period


0:01 of 3rd period - Pierre-Luc Dubois wins face-off versus Brayden Point in neutral zone.
0:14 of 3rd period - Shot by Brayden Point.
0:14 of 3rd period - Stopped by Joey Daccord with a rebound.
0:16 of 3rd period - Shot by Todd Harkness.
0:16 of 3rd period - Shot Blocked by Andrei Kuzmenko.
0:24 of 3rd period - Shot by Jesper Bratt.
0:24 of 3rd period - Shot Misses the Net.
0:26 of 3rd period - Shot by Matthew Tkachuk.
0:26 of 3rd period - Shot Misses the Net.
0:40 of 3rd period - Shot by Brayden Point.
0:40 of 3rd period - Goal by Brayden Point - Phantoms : 4 - Steamers : 3.
0:41 of 3rd period - Ryan Hartman wins face-off versus Sebastian Aho in neutral zone.
1:51 of 3rd period - Nicolas Hague is hit by Dominik Kubalik and loses puck.
2:20 of 3rd period - Shot by Jared McCann.
2:20 of 3rd period - Shot Blocked by Marcus Foligno.
2:22 of 3rd period - Shot by Jared McCann.
2:22 of 3rd period - Shot Misses the Net.
2:24 of 3rd period - Shot by Andrew Mangiapane.
2:24 of 3rd period - Shot Misses the Net.
2:26 of 3rd period - Shot by Ilya Lyubushkin.
2:26 of 3rd period - Shot Blocked by Douche Larouche.
2:53 of 3rd period - Icing by Brayden Point.
2:54 of 3rd period - Ryan Hartman wins face-off versus Matthew Tkachuk in Phantoms zone.
2:54 of 3rd period - Conor Garland is hit by Brian Dumoulin and loses puck.
3:05 of 3rd period - Torey Krug is hit by Matthew Tkachuk and loses puck.
3:19 of 3rd period - Shot by Michael Bunting.
3:19 of 3rd period - Shot Blocked by Brian Dumoulin.
3:24 of 3rd period - Matthew Tkachuk is hit by Torey Krug and loses puck.
3:38 of 3rd period - Shot by Sebastian Aho.
3:38 of 3rd period - Deflect By Brady Tkachuk.
3:38 of 3rd period - Shot Misses the Net.
3:40 of 3rd period - Shot by Todd Harkness.
3:40 of 3rd period - Shot Misses the Net.
3:47 of 3rd period - Kevin Hayes is hit by Torey Krug and loses puck.
3:52 of 3rd period - Shot by Travis Hamonic.
3:52 of 3rd period - Shot Blocked by Tyson Barrie.
3:54 of 3rd period - Shot by Todd Harkness.
3:54 of 3rd period - Deflect By Brady Tkachuk.
3:54 of 3rd period - Stopped by Joey Daccord with a rebound.
3:56 of 3rd period - Shot by Kevin Hayes.
3:56 of 3rd period - Shot Hit the Post.
3:58 of 3rd period - Shot by Sebastian Aho.
3:58 of 3rd period - Shot Blocked by Torey Krug.
4:27 of 3rd period - Icing by Vince Dunn.
4:28 of 3rd period - Pierre-Luc Dubois wins face-off versus Jared McCann in Phantoms zone.
5:39 of 3rd period - Shot by Jesper Bratt.
5:39 of 3rd period - Shot Misses the Net.
5:49 of 3rd period - Shot by Matthew Tkachuk.
5:49 of 3rd period - Shot Misses the Net.
5:51 of 3rd period - Shot by Matthew Tkachuk.
5:51 of 3rd period - Shot Blocked by Henri Jokiharju.
5:59 of 3rd period - Shot by Matthew Tkachuk.
5:59 of 3rd period - Stopped by Joey Daccord without a rebound.
6:00 of 3rd period - Sebastian Aho wins face-off versus Luke Kunin in Steamers zone.
6:15 of 3rd period - Shot by Andrei Kuzmenko.
6:15 of 3rd period - Shot Blocked by Kevin Hayes.
6:21 of 3rd period - Shot by Luke Kunin.
6:21 of 3rd period - Shot Blocked by Michael Anderson.
6:40 of 3rd period - Icing by Kevin Hayes.
6:41 of 3rd period - Sebastian Aho wins face-off versus Pierre-Luc Dubois in Phantoms zone.
7:08 of 3rd period - Shot by Matthew Tkachuk.
7:08 of 3rd period - Shot Blocked by Tyson Barrie.
7:51 of 3rd period - Jared McCann is hit by Nicolas Hague and loses puck.
8:14 of 3rd period - Shot by Dominik Kubalik.
8:14 of 3rd period - Stopped by Joey Daccord without a rebound.
8:15 of 3rd period - Jack Roslovic wins face-off versus Sebastian Aho in Steamers zone.
8:22 of 3rd period - Shot by Jack Roslovic.
8:22 of 3rd period - Stopped by Samuel Montembeault without a rebound.
8:23 of 3rd period - Sebastian Aho wins face-off versus Luke Kunin in Phantoms zone.
8:38 of 3rd period - Shot by Brady Tkachuk.
8:38 of 3rd period - Deflect By Sebastian Aho.
8:38 of 3rd period - Shot Misses the Net.
8:45 of 3rd period - Jack Roslovic is hit by Michael Anderson and loses puck.
9:27 of 3rd period - Minor Penalty to Brayden Point for Cross-checking.
9:28 of 3rd period - Pierre-Luc Dubois wins face-off versus Matthew Tkachuk in Phantoms zone.
12:03 of 3rd period - Shot by Conor Garland.
12:03 of 3rd period - Stopped by Samuel Montembeault with a rebound.
12:38 of 3rd period - Sebastian Aho is hit by Torey Krug and loses puck.
13:11 of 3rd period - Shot by Alexis Lafreniere.
13:11 of 3rd period - Shot Misses the Net.
13:13 of 3rd period - Shot by Matthew Tkachuk.
13:13 of 3rd period - Stopped by Joey Daccord with a rebound.
13:15 of 3rd period - Shot by Travis Hamonic.
13:15 of 3rd period - Shot Misses the Net.
14:10 of 3rd period - Shot by Brayden Point.
14:10 of 3rd period - Shot Misses the Net.
14:20 of 3rd period - Shot by Luke Kunin.
14:20 of 3rd period - Shot Misses the Net.
14:34 of 3rd period - Shot by Josh Anderson.
14:34 of 3rd period - Deflect By Jonathan Huberdeau.
14:34 of 3rd period - Stopped by Samuel Montembeault without a rebound.
14:35 of 3rd period - Brady Tkachuk wins face-off versus Jonathan Huberdeau in Phantoms zone.
15:33 of 3rd period - Off-side.
15:34 of 3rd period - Brayden Point wins face-off versus Luke Kunin in neutral zone.
15:47 of 3rd period - Icing by Neal Pionk.
15:48 of 3rd period - Luke Kunin wins face-off versus Jared McCann in Steamers zone.
15:59 of 3rd period - Shot by Jared McCann.
15:59 of 3rd period - Stopped by Joey Daccord with a rebound.
16:36 of 3rd period - Shot by Jonathan Huberdeau.
16:36 of 3rd period - Stopped by Samuel Montembeault without a rebound.
16:37 of 3rd period - Pierre-Luc Dubois wins face-off versus Brayden Point in Phantoms zone.
16:56 of 3rd period - Henri Jokiharju is hit by Matthew Tkachuk and loses puck.
17:07 of 3rd period - Icing by Brian Dumoulin.
17:08 of 3rd period - Jonathan Huberdeau wins face-off versus Brayden Point in Phantoms zone.
17:16 of 3rd period - Icing by Michael Anderson.
17:17 of 3rd period - Brayden Point wins face-off versus Ryan Hartman in Phantoms zone.
17:22 of 3rd period - Shot by Brayden Point.
17:22 of 3rd period - Shot Misses the Net.
17:41 of 3rd period - Icing by Brian Dumoulin.
17:42 of 3rd period - Brayden Point wins face-off versus Pierre-Luc Dubois in Phantoms zone.
18:21 of 3rd period - Shot by Pierre-Luc Dubois.
18:21 of 3rd period - Stopped by Samuel Montembeault without a rebound.
18:22 of 3rd period - Jonathan Huberdeau wins face-off versus Andrew Mangiapane in Phantoms zone.
18:30 of 3rd period - Steamers, Joey Daccord is pulled from the net.
18:54 of 3rd period - Jared McCann is hit by Douche Larouche.
19:39 of 3rd period - Shot by Pierre-Luc Dubois.
19:39 of 3rd period - Stopped by Samuel Montembeault without a rebound.
19:40 of 3rd period - Brayden Point wins face-off versus Pierre-Luc Dubois in Phantoms zone.
Goals for this period are 1 for Phantoms vs 0 for Steamers.
Shots for this period are 7 for Phantoms vs 6 for Steamers.